 Dungeon Crawl Stone Soup version 0.30-b1-2-g02819fbbbe (webtiles) character file.

Game seed: 3720593296281861482

1003 Alarkh the Insei (level 8, 63/63 HPs)
             Began as a Demonspawn Artificer on July 11, 2023.
             Got out of the dungeon alive.
             The game lasted 00:06:27 (3541 turns).

Alarkh the Insei (Demonspawn Artificer)             Turns: 3541, Time: 00:06:28

Health: 63/63      AC:  2    Str: 19    XL:     8   Next: 0%
Magic:  8/8        EV: 11    Int: 13    God:
Gold:   139        SH:  0    Dex: 13    Spells: 7/7 levels left

rFire   . .          .
                       - Unarmed
rCold   . . .        (no shield)
rNeg    . . .        k - +0 robe "Guodadakk" {rElec Int-2 SInv}
rPois   .            (helmet restricted)
rElec   +            (no cloak)
rCorr   .            (no gloves)
SInv    +            (no boots)
Will    +....        t - amulet of regeneration
Stlth   ++           n - +6 ring of strength
HPRegen 1.10/turn    u - ring of willpower
MPRegen 0.22/turn

%: no passive effects
@: no status effects
A: claws 1, magic regeneration, beak, sense surroundings 1, screaming 1
a: no special abilities


You escaped.
You visited 1 branch of the dungeon, and saw 4 of its levels.
You also visited: Ossuary.

You collected 139 gold pieces.

Inventory:

Hand Weapons
 a - a +1 club
Armour
 b - a +0 leather armour
 k - the +0 robe "Guodadakk" (worn) {rElec Int-2 SInv}
   (You found it on level 2 of the Dungeon)

   Int:       It affects your intelligence (-2).
   rElec:     It insulates you from electricity.
   SInv:      It lets you see invisible.
 m - a +0 helmet
Jewellery
 n - a +6 ring of strength (left claw)
 t - an amulet of regeneration (around neck)
 u - a ring of willpower (right claw)
Wands
 c - a wand of digging (2) (quivered)
 d - a wand of charming (13)
 e - a wand of iceblast (1)
 r - a wand of polymorph (5)
Scrolls
 f - 2 scrolls of noise
 h - 2 scrolls of teleportation
Potions
 o - a potion of might
 w - a potion of lignification
 z - 3 potions of heal wounds
 A - a potion of invisibility
 D - a potion of curing


   Skills:
 + Level 5.5 Fighting
 - Level 1.7 Armour
 - Level 0.8 Dodging
 - Level 0.8 Stealth
 * Level 6.6 Unarmed Combat
 - Level 3.0 Evocations


You had 7 spell levels left.
You didn't know any spells.
Your spell library contained the following spells:

 Spells                   Type           Power      Damage    Failure   Level
 Slow                     Hex            0%         N/A       30%         1
 Olgreb's Toxic Radiance  Pois           0%         N/A       97%         4
 Discord                  Hex            0%         N/A       100%        8
 Ignition                 Fire           0%         3d3       100%        8


Dungeon Overview and Level Annotations

Branches:
Dungeon (4/15)            Ossuary (visited)
 Temple: D:4-7

Altars:

Annotations:
D:2 1 runed translucent door, Crazy Yiuf


Innate Abilities, Weirdness & Mutations

You have sharp fingernails.
You regenerate magic rapidly.
You have a beak for a mouth.
You passively map a small area around you.
You occasionally shout uncontrollably at your foes.


Message History

You hear the flapping of tiny wings.
It was a scroll of butterflies.
As you read the scroll labelled DACAXOQAROAN, it crumbles to dust.
It is a scroll of amnesia.
You feel forgetful for a moment.
As you read the scroll labelled MAGGIU SUPT, it crumbles to dust.
Magic quickly surges around you.
It was a scroll of vulnerability.
As you read the scroll labelled QOIHI YGALL, it crumbles to dust.
The scroll dissolves into smoke.
It was a scroll of fog.
As you read the scroll labelled ERULIGAMINN, it crumbles to dust.
You assume a fearsome visage.
Nothing appears to happen.
It was a scroll of fear.
Nothing appears to happen.
As you read the scroll labelled EWOMOIFFYG, it crumbles to dust.
It was a scroll of poison.
As you read the scroll labelled SALEHIOCIR, it crumbles to dust.
You feel momentarily disoriented.
It was a scroll of magic mapping.
(D) Dungeon
Where to? (Enter - D:4, ? - help)
What level of the Dungeon? (default 1, ? - help)
You swap places.
You swap places.
You flicker for a moment.
You feel less attractive to monsters.
You flicker back into view.
There is a stone staircase leading down here.
There is a stone staircase leading up here.
You climb upwards.
Level annotation: 1 runed translucent door, Crazy Yiuf
There is a stone staircase leading down here.
You feel your willpower return.
There is a stone staircase leading up here.
You climb upwards.
There is a stone staircase leading down here.
You open the door.
There is an open door here.
You open the door.
There is an open door here.
There is a staircase leading out of the dungeon here.
Are you sure you want to leave the Dungeon?
This will make you lose the game!
You have escaped!

..†....####...#~.~#≈§≈# ###.##..)
.........##...#~.~#§≈.# ##......
.........##...#~.~#≈..# #.......
#####....##...#...#...####..###..
..###....##...........#.....# ###
....#....##)..........#.###.#
....#....##...........#.# #.#
....#....##...........#.# #.#
....#....##.....@.....#.# #.#
....#....##...........#.# #.#####
.........##############.# #......
...##.#### ####.# #......
...##.### #....# #......
...##...###### #.#### #......
#######......# #.#.####...... #
######'#### ##...#.....##+#
########........# #....^.....##.#


There were no monsters in sight!

Vanquished Creatures
  Sigmund (D:2)
  3 elf zombies (Ossuary)
  4 centaur zombies (Ossuary)
  An orc priest (D:3)
  5 human zombies (Ossuary)
  A hound (D:4)
  Natasha (thrice) (D:2)
  Terence (D:3)
  3 mummies (Ossuary)
  Robin (D:2)
  An adder (D:2)
  3 gnolls
  2 shadow imps (D:4)
  A white imp (D:4)
  2 ufetubi (D:4)
  A worm (D:2)
  3 dart slugs
  3 orcs (D:3)
  7 bats
  10 endoplasms
  2 giant cockroaches
  17 goblins
  4 hobgoblins
  4 jackals (D:1)
  6 kobolds
  10 ball pythons
  4 frilled lizards
  7 rats
110 creatures vanquished.

Vanquished Creatures (collateral kills)
  A gnoll (D:3)
1 creature vanquished.

Vanquished Creatures (others)
  A gnoll (D:3)
  A demonic plant (D:4)
  3 plants (D:1)
5 creatures vanquished.

Grand Total: 116 creatures vanquished

Notes
Turn   | Place    | Note
-------+----------+-------------------------------------------
     0 | D:1      | Alarkh the Demonspawn Artificer began the quest for the
                  | Orb.
     0 | D:1      | Reached XP level 1. HP: 15/15 MP: 1/1
   195 | D:1      | Gained mutation: You have sharp fingernails. [demonic
                  | ancestry]
   195 | D:1      | Reached XP level 2. HP: 22/22 MP: 2/2
   312 | D:1      | Reached skill level 1 in Unarmed Combat
   312 | D:1      | Reached XP level 3. HP: 13/28 MP: 3/3
   776 | D:1      | Found a faded altar of an unknown god.
   784 | D:1      | Got Plato's Precepts of Hexes
  1039 | D:2      | Identified the +0 robe "Guodadakk" {rElec Int-2 SInv}
  1072 | D:2      | Noticed Natasha
  1078 | D:2      | Killed Natasha
  1079 | D:2      | Reached skill level 2 in Unarmed Combat
  1079 | D:2      | Reached XP level 4. HP: 18/34 MP: 4/4
  1171 | D:2      | Noticed Sigmund
  1215 | D:2      | Noticed Natasha
  1221 | D:2      | Killed Natasha
  1247 | D:2      | Killed Sigmund
  1248 | D:2      | Reached skill level 4 in Unarmed Combat
  1248 | D:2      | Reached XP level 5. HP: 42/42 MP: 5/5
  1248 | D:2      | Reached XP level 6. HP: 48/48 MP: 6/6
  1285 | D:2      | Noticed Natasha
  1292 | D:2      | Killed Natasha
  1650 | D:2      | Found a runed translucent door.
  1651 | D:2      | Noticed Crazy Yiuf
  1687 | D:2      | Noticed Robin
  1719 | D:2      | Killed Robin
  2200 | D:3      | Noticed Terence
  2227 | D:3      | Killed Terence
  2367 | D:3      | HP: 2/48 [orc priest/+0 hand axe (7)]
  3031 | D:4      | Reached skill level 5 in Unarmed Combat
  3139 | D:4      | Found a sand-covered staircase.
  3143 | Ossuary  | Entered an ossuary
  3157 | Ossuary  | Gained mutation: You regenerate magic rapidly. [demonic
                  | ancestry]
  3157 | Ossuary  | Reached XP level 7. HP: 53/55 MP: 7/7
  3271 | Ossuary  | Reached skill level 5 in Fighting
  3288 | Ossuary  | Reached skill level 6 in Unarmed Combat
  3378 | Ossuary  | Reached XP level 8. HP: 54/63 MP: 8/8
  3409 | D:3      | Gained mutation: You occasionally shout uncontrollably at
                  | your foes. [potion of mutation]
  3409 | D:3      | Gained mutation: You passively map a small area around you.
                  | [potion of mutation]
  3409 | D:3      | Gained mutation: You have a beak for a mouth. [potion of
                  | mutation]
  3541 | D:$      | Got out of the dungeon alive.

Illustrated notes

Levels and vault maps discovered:
D:1:      lightli_arrival_quake, layout_basic,
          shapermc_ecumenical_altar_rom_forum, minmay_misc_feat_roman,
          minmay_surrounded
D:2:      layout_basic, hangedman_decor_riveting, minmay_quadrilaterals,
          uniq_natasha, uniq_sigmund, uniq_crazy_yiuf_cottage, uniq_robin
D:3:      layout_loops_ring, hangedman_decor_peaks_small, uniq_terence
D:4:      layout_loops_ring, old_standard_altar, lemuel_crystal_altar,
          serial_demonic, serial_demonic_f, serial_demonic_b, serial_demonic_a,
          serial_demonic_f, nicolae_ossuary_entry_plus, roderic_lattice_a

Skill      XL: |  1  2  3  4  5  6  7 |
---------------+----------------------+-----
Fighting       | 2 3 4 5 |  5.5
Unarmed Combat | 1 2 4 5 6 |  6.6
Armour         | |  1.7
Dodging        | |  0.8
Stealth        | |  0.8
Evocations     | |  3.0

Action                     |  1- 3 |  4- 6 |  7- 9 || total
---------------------------+-------+-------+-------++-------
  Melee: Club              |    30 |       |       ||    30
         Punch             |     2 |     4 |     7 ||    13
         Unarmed           |    84 |   180 |   120 ||   384
  Evoke: Wand              |     7 |    14 |       ||    21
    Use: Scroll            |     1 |     3 |    11 ||    15
         Potion            |       |     2 |     4 ||     6
   Stab: Sleeping          |     1 |       |       ||     1
 Armour: Leather armour    |    32 |       |       ||    32
         Robe              |     4 |    44 |    18 ||    66
         Skin              |       |     2 |       ||     2
  Dodge: Dodged            |    69 |   113 |    44 ||   226
